 Dungeon Crawl Stone Soup version 0.18-a0-1539-g1c7284a (webtiles) character file.

103 mrath the Magician (level 4, 0/33 HPs)
             Began as a Draconian Wizard on Mar 9, 2016.
             Succumbed to a worker ant's poison
             ... on level 4 of the Dungeon.
             The game lasted 00:16:56 (3314 turns).

mrath the Magician (Draconian Wizard)               Turns: 3314, Time: 00:16:56

Health: 0/33       AC:  6    Str: 10    XL:     4   Next: 51%
Magic:  6/10       EV: 12    Int: 19    God:
Gold:   106        SH:  0    Dex:  9    Spells: 5 memorised, 1 level left

rFire  . . .     SeeInvis .     j - +0 hand axe
rCold  . . .     Gourm    .     (armour unavailable)
rNeg   . . .     Faith    .     (no shield)
rPois  .         Spirit   .     a - +0 hat
rElec  .         Dismiss  .     (no cloak)
rCorr  .         Reflect  .     (no gloves)
SustAt .         Harm     .     h - +0 pair of boots (curse)
MR     .....                    (no amulet)
Stlth  +.........               (no ring)
                                (no ring)

@: lethally poisoned (0 -> -5), repel missiles, not resistant to hostile
enchantments, very unstealthy
A: unfitting armour, cold-blooded, AC +5
a: no special abilities


You were on level 4 of the Dungeon.
You were not hungry.

You visited 1 branch of the dungeon, and saw 4 of its levels.

You collected 106 gold pieces.

Inventory:

Hand Weapons
 j - a +0 hand axe (weapon)
 q - a +0 mace
 t - a +0 hunting sling
 u - a +0 spear
 v - a +0 flail
Missiles
 n - 52 stones (quivered)
 w - 18 sling bullets
Armour
 a - a +0 hat (worn)
 h - a cursed +0 pair of boots (worn)
Scrolls
 d - a scroll of immolation {unknown}
 g - a scroll of fear {unknown}
 i - a scroll of remove curse {unknown}
 k - 4 scrolls of identify {unknown}
 o - a scroll of magic mapping {unknown}
 p - a scroll of enchant armour {unknown}
 r - 2 scrolls of enchant weapon {unknown}
 s - a scroll of teleportation {unknown}
Potions
 e - a potion of lignification {unknown}
 f - 4 potions of curing {unknown}
 l - 3 potions of degeneration {unknown}
Books
 b - a book of Minor Magic

   Spells                             Type                      Level
   a - Magic Dart                     Conjuration                  1
   b - Blink                          Translocation                2
   c - Call Imp                       Summoning                    2
   d - Repel Missiles                 Charms/Air                   2
   e - Slow                           Hexes                        2
   f - Conjure Flame                  Conjuration/Fire             3
   g - Mephitic Cloud                 Conjuration/Poison/Air       3
Comestibles
 c - 2 bread rations
 m - a meat ration


   Skills:
 - Level 1.7 Dodging
 - Level 1.7 Stealth
 * Level 4.3 Spellcasting
 + Level 2.8 Conjurations
 - Level 1.0 Summonings
 - Level 1.0 Translocations


You had one spell level left.
You knew the following spells:

 Your Spells              Type           Power        Failure   Level  Hunger
a - Magic Dart            Conj           ##..         6%          1    None
b - Blink                 Tloc           N/A          14%         2    #......
c - Call Imp              Summ           #.......     14%         2    #......
d - Repel Missiles        Chrm/Air       #.....       21%         2    #......
e - Mephitic Cloud        Conj/Pois/Air  #.......     28%         3    ###....


Dungeon Overview and Level Annotations

Branches:
Dungeon (4/15)
 Temple: D:4-7

Altars:
Zin
The Shining One


Innate Abilities, Weirdness & Mutations

Your plain brown scales are hard (AC +5).
Your body does not fit into most forms of armour.
You are cold-blooded and may be slowed by cold attacks.


Message History

The worker ant poisons you!
You feel sick.
You feel sick.
You feel sick.
You feel sick.
* * * LOW HITPOINT WARNING * * *
You feel sick. The worker ant barely misses you.
* * * LOW HITPOINT WARNING * * *
You feel sick.
* * * LOW HITPOINT WARNING * * *
You feel sick. The worker ant completely misses you. The worker ant bites you.
* * * LOW HITPOINT WARNING * * *
* * * LOW HITPOINT WARNING * * *
You feel sick.
* * * LOW HITPOINT WARNING * * *
You feel sick.
* * * LOW HITPOINT WARNING * * *
You feel sick.
You die...

####### #.....# #.###.#
#######.# #.#
#.a.....###.#
#.#######...#
####@#....##.###
#....#.##.##.#####
#.####.#<.##.....#
#######.####.#..######.#
...........#....# .#
.......###.#.#.## .#
....... #.###.# ..
....... #....[# ##
....... #######


You could see a worker ant.

Vanquished Creatures
  3 gnolls (D:3)
  3 adders (D:3)
  A worm (D:2)
  A dart slug (D:3)
  3 giant geckos
  2 giant cockroaches
  5 goblins
  4 hobgoblins
  2 jackals (D:3)
  7 kobolds
  2 bats
  6 giant newts
  2 rats
41 creatures vanquished.

Notes
Turn   | Place    | Note
--------------------------------------------------------------
     0 | D:1      | mrath the Draconian Wizard began the quest for the Orb.
     0 | D:1      | Reached XP level 1. HP: 14/14 MP: 4/4
   715 | D:1      | Reached XP level 2. HP: 20/20 MP: 1/6
  1070 | D:1      | Learned a level 2 spell: Blink
  1891 | D:3      | Reached XP level 3. HP: 26/26 MP: 6/8
  2090 | D:3      | Reached skill level 4 in Spellcasting
  2184 | D:3      | Reached XP level 4. HP: 29/33 MP: 5/10
  2262 | D:3      | Found a glowing golden altar of the Shining One.
  2430 | D:3      | Found a glowing silver altar of Zin.
  3189 | D:3      | Learned a level 2 spell: Call Imp
  3192 | D:3      | Learned a level 2 spell: Repel Missiles
  3196 | D:3      | Learned a level 3 spell: Mephitic Cloud
  3313 | D:4      | HP: 1/33 [poisoned by a worker ant]
  3314 | D:4      | Succumbed to a worker ant's poison

Vault maps used:
D:1:      shiori_shiawase
D:2:      first_bread
D:3:      marbit_many_paths, tso_altar, minmay_misc_feat_ornament
D:4:      kennysheep_little_box, fedhas_altar_3, lemuel_coloured_pillars_altar,
          minmay_misc_feat_encased, uniq_robin

Skill      XL: |  1  2  3 |
---------------+----------+-----
Conjurations   | 2 |  2.8
Spellcasting   | 4 |  4.3
Dodging        | |  1.7
Stealth        | |  1.7
Summonings     | |  1.0
Translocations | |  1.0

Action                   |  1- 3 |  4- 6 || total
-------------------------+-------+-------++-------
Melee: Hand axe          |    32 |     2 ||    34
 Cast: Magic Dart        |    77 |    37 ||   114
       Repel Missiles    |       |     1 ||     1
  Eat: Chunk             |     4 |     3 ||     7
